 Dungeon Crawl Stone Soup version 0.30.0-29-ga12c61a403 (webtiles) character file.

Game seed: 15668001293917661580

44 H0rd4k the Charlatan (level 3, -11/26 HPs)
             Began as a Human Artificer on June 14, 2023.
             Shot with a bolt by an orc warrior (21 damage)
             ... on level 3 of the Dungeon.
             The game lasted 00:02:01 (872 turns).

H0rd4k the Charlatan (Human Artificer)               Turns: 872, Time: 00:02:02

Health: -11/26     AC:  3    Str: 12    XL:     3   Next: 85%
Magic:  3/3        EV: 11    Int: 13    God:
Gold:   25         SH:  0    Dex: 13    Spells: 2/2 levels left

rFire   . . .        i - +0 mace
rCold   . . .        (no shield)
rNeg    . . .        b - +0 leather armour
rPois   .            (no helmet)
rElec   .            (no cloak)
rCorr   .            (no gloves)
SInv    .            (no boots)
Will    .....        (no amulet)
Stlth   +            (no ring)
HPRegen 0.24/turn    (no ring)
MPRegen 0.08/turn

%: no passive effects
@: no status effects
A: no striking features
a: no special abilities


You were on level 3 of the Dungeon.
You visited 1 branch of the dungeon, and saw 3 of its levels.

You collected 25 gold pieces.

Inventory:

Hand Weapons
 i - a +0 mace (weapon)
Armour
 b - a +0 leather armour (worn)
Wands
 c - a wand of flame (15) (quivered)
 d - a wand of charming (12)
 e - a wand of iceblast (2)
Scrolls
 f - a scroll of poison {unknown}
 h - a scroll of fog {unknown}
 j - 2 scrolls of teleportation {unknown}
 l - a scroll of identify {unknown}
 n - a scroll of blinking {unknown}
 o - a scroll of enchant weapon {unknown}
 p - a scroll of vulnerability {unknown}
 q - a scroll of amnesia {unknown}
Potions
 a - a potion of invisibility {unknown}
 g - a potion of degeneration {unknown}
 k - a potion of heal wounds {unknown}
 m - a potion of attraction {unknown}
 r - a potion of haste {unknown}


   Skills:
 + Level 1.3 Fighting
 + Level 1.6 Maces & Flails
 - Level 2.0 Armour
 + Level 1.5 Dodging
 + Level 1.0 Stealth
 + Level 3.6 Evocations


You had 2 spell levels left.
You didn't know any spells.
Your spell library contained the following spells:

 Spells                   Type           Power      Damage    Failure   Level
 Sting                    Tmut/Pois      0%         1d3       36%         1
 Poisonous Vapours        Pois/Air       0%         N/A       52%         2
 Sublimation of Blood     Necr           0%         N/A       52%         2
 Wereblood                Tmut           0%         N/A       52%         2
 Portal Projectile        Hex/Tloc       0%         N/A       75%         3
 Tukima's Dance           Hex            0%         N/A       75%         3
 Olgreb's Toxic Radiance  Pois           0%         N/A       98%         4
 Blade Hands              Tmut           0%         N/A       100%        5
 Summon Hydra             Summ           0%         N/A       100%        7


Dungeon Overview and Level Annotations

Branches:
Dungeon (3/15)

Altars:
Gozag

Annotations:
D:3 westolus's ghost, weakling FeSu


Message History

You hit the endoplasm.
The endoplasm is almost dead.
Your adder bites the endoplasm.
The endoplasm dies!
Something barely misses your adder.
Your adder barely misses something.
Your adder bites something.
You feel a bit more experienced.
A quokka comes into view.
You swap places.
The quokka twitches its whiskers.
Your adder bites the quokka. x2
The quokka dies!
You see here a quokka corpse.
You swap places.
What are your orders? t - Shout!
Orders for allies: a - Attack new target. p - Attack previous target. r - Retreat! s - Stop attacking. g - Guard the area. f - Follow me.
Anything else - Cancel.
Guard this area!
Found a book of Burglary.
A goblin comes into view. It is wielding a +0 dagger.
The goblin throws a stone.
The stone hits you.
* * * LOW HITPOINT WARNING * * *
The goblin throws a stone.
The stone hits you but does no damage.
There is a stone staircase leading down here.
Your adder bites the goblin.
The goblin is poisoned.
Your adder poisons the goblin!
You climb downwards.
Level annotation: westolus's ghost, weakling FeSu
There is a stone staircase leading up here.
Aiming: Charm
Press: ? - help, Shift-Dir - straight line, f - orc warrior
Aim: an orc warrior, wielding a +0 arbalest and wearing a +0 plate armour (wandering, hasn't noticed you, chance to affect: 58%)
The orc warrior shouts!
The orc warrior resists with significant effort.
You hear a shout!
The orc warrior shoots a bolt.
The bolt hits you!!
Ouch! That really hurt!
You die...

........### #####..###
##...#### ###....#
####.## #..## ##..####
##....## ####@.# #..
##.#######..
#.........#
#######.#....##.#####
#.......#o#....##∩8.##
#.#####.#.#o...#$....#
# #.....#.#..'.$..8#
#.###.#.#)r.W..'._8.∩#
#.....o.#o###..'.$.$8#


You could see an orc warrior.

Vanquished Creatures
  Robin (D:2)
  A dart slug (D:1)
  An orc (D:3)
  2 ball pythons (D:1)
  2 bats (D:1)
  A giant cockroach (D:1)
  2 hobgoblins (D:2)
  A quokka (D:1)
  A frilled lizard (D:1)
  7 goblins
  A kobold (D:1)
  2 rats (D:1)
22 creatures vanquished.

Vanquished Creatures (collateral kills)
  2 endoplasms (D:2)
  2 goblins (D:2)
  A quokka (D:2)
  A kobold (D:2)
6 creatures vanquished.

Grand Total: 28 creatures vanquished

Notes
Turn   | Place    | Note
-------+----------+-------------------------------------------
     0 | D:1      | H0rd4k the Human Artificer began the quest for the Orb.
     0 | D:1      | Reached XP level 1. HP: 15/15 MP: 1/1
   122 | D:1      | Reached XP level 2. HP: 16/21 MP: 2/2
   364 | D:1      | Reached skill level 1 in Maces & Flails
   718 | D:3      | Found a runed translucent gate.
   718 | D:3      | Found a runed translucent gate.
   723 | D:3      | Found a runed translucent gate.
   753 | D:3      | Found an opulent altar of Gozag.
   755 | D:3      | Noticed an orc warrior
   755 | D:3      | Noticed westolus's ghost (weakling FeSu)
   790 | D:2      | Reached XP level 3. HP: 7/26 MP: 3/3
   811 | D:2      | Noticed Robin
   813 | D:2      | Killed Robin
   872 | D:3      | Shot with a bolt by an orc warrior

Illustrated notes

Levels and vault maps discovered:
D:1:      eino_arrival_water_star, layout_rooms, palyth_stone_intersect,
          chequers_serial_rivers_micro_c, minivault_4
D:2:      cheibrodos_helix_gallery, layout_rooms, uniq_robin
D:3:      minmay_bubble_buster, layout_basic, nicolae_overflow_hidden_temple,
          ebering_ghost_gozag, ebering_ecumenical_altar_box, uniq_grinder

Skill      XL: |  1  2 |
---------------+-------+-----
Maces & Flails | 1 |  1.6
Fighting       | |  1.3
Armour         | |  2.0
Dodging        | |  1.5
Stealth        | |  1.0
Evocations     | |  3.6

Action                     || total
---------------------------++-------
  Melee: Club              ||    36
         Mace              ||    28
  Evoke: Wand              ||     6
   Stab: Sleeping          ||     1
 Armour: Leather armour    ||    23
  Dodge: Dodged            ||    62
